AoeStats
← Snobyman

Black Forest

509028464Analyzed
4v4 RM · 8d ago on Sep 25, 2026· 53m 12s· 8 players
Game mode
Random Map
Map size
Large (8 player)
Population
200
Speed
Normal
Resources
Standard
Victory
Conquest
Starting age
Dark Age
Ending age
Imperial Age
RankedLock teamsTeams togetherTeam positionsShared explorationLock speedFull tech treeHidden civsTurbo modeCheats
Victory
Defeat
🇨🇱 Persians · Chile
802
+5
🇦🇷 Bohemians · Argentina
678
+8
🇨🇳 Franks · China
539
+13
🇨🇳 Mongols · China
526
+13
🇹🇼 Hindustanis · Taiwan
556
-12
🇲🇽 Persians · Mexico
519
-11
🇺🇸 Romans · United States
466
-9
🇦🇺 Khmer · Australia
391
-7
EPYON182
0:30 Loom
17:10 Feudal Age
18:38 Wheelbarrow
20:49 Double-Bit Axe
20:59 Stone Mining
Snobyman
0:48 Loom
18:24 Feudal Age
20:05 Wheelbarrow
19:29 Double-Bit Axe
21:33 Horse Collar
22:11 Gold Mining
22:16 Stone Mining
30:44 Castle Age
28:54 Arson
34:46 Imperial Age
32:27 Pikeman
34:32 Bow Saw
35:05 Gold Shaft Mining
34:47 Heavy Plow
37:27 Masonry
37:38 Ballistics
38:13 Stone Shaft Mining
38:16 Caravan
40:13 Parthian Tactics
40:44 Heated Shot
40:54 Murder Holes
41:09 Fortified Wall
40:33 Elite Skirmisher
40:56 Crossbowman
43:26 Coinage
44:34 Heavy Cavalry Archer
domoowop (Y.O. Ko)
1:30 Loom
5:49 Loom
12:13 Feudal Age
14:07 Double-Bit Axe
14:07 Horse Collar
16:29 Wheelbarrow
19:05 Castle Age
18:56 Gold Mining
20:30 Heavy Plow
21:31 Scale Barding Armor
22:20 Bow Saw
23:15 Caravan
28:35 Stone Mining
29:32 Arson
30:07 Forging
32:29 Chain Barding Armor
37:19 Bloodlines
37:10 Husbandry
40:43 Imperial Age
38:52 Pikeman
39:35 Squires
39:41 Scale Mail Armor
40:24 Grand Trunk Road
42:34 Two-Man Saw
42:15 Gold Shaft Mining
41:26 Heavy Camel Rider
43:04 Conscription
43:18 Hand Cart
45:06 Imperial Camel Rider
47:38 Plate Barding Armor
47:40 Iron Casting
48:16 Fletching
50:35 Blast Furnace
robertosminor89
0:53 Loom
12:34 Feudal Age
14:04 Double-Bit Axe
14:51 Horse Collar
16:00 Wheelbarrow
19:02 Gold Mining
19:02 Stone Mining
20:26 Fishing Lines
21:47 Forging
27:50 Castle Age
27:48 Scale Mail Armor
27:54 Scale Barding Armor
29:12 Hand Cart
29:02 Heavy Plow
29:16 Bow Saw
32:13 Crossbowman
32:59 Thumb Ring
33:40 Husbandry
38:33 Imperial Age
41:08 Chemistry
40:28 Ballistics
39:32 Cavalier
43:07 Iron Casting
42:48 Chain Mail Armor
42:54 Chain Barding Armor
43:25 Gold Shaft Mining
43:25 Stone Shaft Mining
44:02 Heavy Camel Rider
46:56 Blast Furnace
PAPU
10:23 Feudal Age
11:42 Wheelbarrow
10:49 Horse Collar
10:57 Double-Bit Axe
17:39 Castle Age
18:32 Heavy Plow
19:39 Bow Saw
20:59 Gold Mining
21:35 Loom
24:03 Scale Barding Armor
25:56 Chain Barding Armor
27:37 Gold Shaft Mining
27:05 Caravan
27:26 Bloodlines
27:16 Husbandry
29:12 Forging
29:30 Hand Cart
30:28 Iron Casting
30:46 Coinage
37:08 Imperial Age
39:22 Chemistry
37:46 Cavalier
39:09 Crop Rotation
39:13 Banking
39:44 Blast Furnace
39:20 Plate Barding Armor
39:27 Savar
41:13 Conscription
40:37 Heavy Camel Rider
47:13 Guilds
52:41 Elite War Elephant
53:23 Kamandaran
53:33 Citadels
52:48 Light Cavalry
52:51 Man-at-Arms
52:51 Pikeman
53:32 Squires
53:18 Gambesons
53:18 Arson
52:57 Onager
53:50 Fervor
53:57 Block Printing
53:31 Town Watch
54:50 Two-Man Saw
The_Champ1ño
14:01 Feudal Age
15:26 Wheelbarrow
14:33 Horse Collar
15:02 Double-Bit Axe
18:36 Man-at-Arms
21:55 Scale Mail Armor
22:50 Forging
24:47 Scale Barding Armor
24:43 Padded Archer Armor
29:58 Castle Age
27:44 Loom
27:45 Town Watch
31:54 Hand Cart
31:51 Bow Saw
31:43 Heavy Plow
32:16 Husbandry
31:36 Light Cavalry
32:36 Chain Mail Armor
32:56 Iron Casting
32:43 Chain Barding Armor
32:38 Leather Archer Armor
36:26 Wagenburg Tactics
36:44 Town Patrol
40:15 Ballistics
40:06 Fletching
41:10 Caravan
41:52 Guard Tower
43:04 Chemistry
42:03 Bodkin Arrow
43:57 Coinage
46:55 Imperial Age
47:06 Elite Hussite Wagon
47:53 Hussite Reforms
47:24 Sappers
48:16 Conscription
49:03 Blast Furnace
48:04 Bracer
48:35 Ring Archer Armor
49:29 Plate Mail Armor
48:49 Arrowslits
799787627
10:26 Feudal Age
21:26 Castle Age
23:14 Double-Bit Axe
31:37 Husbandry
33:44 Bow Saw
33:32 Gold Mining
33:33 Stone Mining
37:34 Gold Shaft Mining
43:54 Imperial Age
43:59 Cavalier
44:54 Forging
44:51 Scale Barding Armor
46:53 Paladin
811731154
1:59 Loom
13:35 Feudal Age
17:41 Castle Age
15:36 Double-Bit Axe
23:23 Stone Mining
23:24 Gold Mining
24:31 Bow Saw
26:16 Padded Archer Armor
27:51 Caravan
30:43 Forging
30:39 Scale Barding Armor
30:24 Fletching
31:35 Light Cavalry
32:26 Bloodlines
32:18 Husbandry
32:17 Gold Mining
33:41 Gold Shaft Mining
33:42 Stone Shaft Mining
35:10 Bodkin Arrow
35:30 Leather Archer Armor
35:51 Iron Casting
39:58 Imperial Age
38:26 Chain Barding Armor
38:14 Horse Collar
39:56 Ballistics
40:09 Elite Mangudai
40:47 Hussar
43:04 Blast Furnace
43:06 Chemistry
42:01 Town Watch
42:53 Wheelbarrow
42:29 Heavy Plow
43:32 Conscription
45:27 Bracer
Connection lost

Rejoining the realm…

Still unreachable

The connection could not be restored.

Session expired

The server has moved on; the page needs a fresh start.